Nordiques vs Canadiens
(R1)
Created - February 22, 2020 at 19:14
Goals
|
| Nordiques |
0 |
2 |
1 |
3 |
| Canadiens |
0 |
1 |
0 |
1 |
|
Shots
|
| Nordiques |
7 |
14 |
5 |
26 |
| Canadiens |
11 |
8 |
7 |
26 |
|
1st period
No Goal
Penalties :
Evander Kane (Que) for Boarding (Minor) at 7:34
2nd period
1. Nordiques , Vladimir Tarasenko 20 (Evander Kane 33, Jay Bouwmeester 14) at 0:30
2. Canadiens , Corey Perry 21 (Bryce Lampman 16, Henrik Sedin 38) at 7:24
3. Nordiques , Mike Brown 16 (Fedor Tyutin 14, Zac Rinaldo 7) at 8:06
Penalties :
Greg Stewart (Mon) for Hooking (Minor) at 2:11, Jay Bouwmeester (Que) for Hooking (Minor) at 8:29, R.J. Umberger (Que) for Holding (Minor) at 15:37, Tim Connolly (Que) for Interference (Minor) at 17:20
3rd period
4. Nordiques , Vladimir Tarasenko 21 (David Legwand 26, Jonathan Quick) at 18:25 (PP)
Penalties :
Mike Brown (Que) for Roughing (Minor) at 1:15, Zac Rinaldo (Que) for Hooking (Minor) at 3:58, Frans Nielsen (Mon) for Holding (Minor) at 7:30, Vitaly Vishnevsky (Mon) for Hooking (Minor) at 17:41, Trevor Daley (Que) for Holding (Minor) at 19:27
Goalie Stats
Jonathan Quick (Que), 25 saves from 26 shots - (0.962), W, 20-9-2, 60:00 minutes
Henrik Lundqvist (Mon), 23 saves from 26 shots - (0.885), L, 22-12-7, 60:00 minutes
Players Stats for Nordiques
Player Name G A P +/- PIM S H SB GA TA FO MP PP MP PK MP
------------------------------------------------------------------------------------
Adam Pineault 0 0 0 0 0 1 1 0 0 0 0/0 5:49 0:00 0:14
David Legwand 0 1 1 1 0 2 2 0 0 0 11/17 18:18 2:48 4:24
Dustin Byfuglien 0 0 0 0 0 0 0 0 0 0 0/0 11:50 0:00 1:11
Evander Kane 0 1 1 1 2 1 2 0 1 0 0/2 19:25 2:50 5:20
Fedor Tyutin 0 1 1 1 0 4 1 1 0 0 0/0 21:15 1:51 5:22
Jay Bouwmeester 0 1 1 0 2 2 3 0 0 2 0/0 27:00 2:51 5:37
Jiri Hudler 0 0 0 -1 0 1 3 0 0 0 0/1 14:58 1:52 0:00
Maxim Talbot 0 0 0 1 0 2 2 0 0 0 3/4 12:16 0:02 0:03
Mike Brown 1 0 1 1 2 2 4 1 0 0 1/1 14:57 0:00 1:46
Mike Fisher 0 0 0 0 0 0 2 0 0 0 0/0 5:34 0:00 0:00
Paul Gaustad 0 0 0 0 0 0 0 0 0 0 0/0 3:20 0:11 0:00
R.J. Umberger 0 0 0 -1 2 1 2 0 0 0 0/1 16:20 1:52 1:18
Ryan Ellis 0 0 0 0 0 0 0 1 1 0 0/0 28:07 2:51 6:48
T.J. Fast 0 0 0 0 0 0 1 0 0 1 0/0 11:26 0:00 0:23
Tim Connolly 0 0 0 -1 2 1 1 0 1 1 5/11 18:20 1:52 2:42
Trevor Daley 0 0 0 1 2 1 0 0 0 0 0/0 20:26 1:51 4:59
Vladimir Tarasenko 2 0 2 1 0 6 1 0 0 0 2/10 23:02 2:39 6:23
Zac Rinaldo 0 1 1 1 2 2 2 0 0 0 0/0 15:04 0:00 1:53
Players Stats for Canadiens
Player Name G A P +/- PIM S H SB GA TA FO MP PP MP PK MP
------------------------------------------------------------------------------------
Benoit Pouliot 0 0 0 1 0 2 2 0 0 0 0/0 20:28 6:32 1:13
Brett Maclean 0 0 0 -1 0 1 2 0 0 0 0/0 11:18 0:31 0:06
Bryce Lampman 0 1 1 1 0 1 0 1 1 1 0/0 22:31 5:55 2:56
Colton Parayko 0 0 0 1 0 0 1 1 0 0 0/0 21:26 6:15 1:45
Corey Perry 1 0 1 1 0 8 0 1 0 0 1/1 19:04 6:22 0:00
Dustin Boyd 0 0 0 -1 0 1 6 0 1 0 4/10 14:38 1:04 2:47
Enver Lisin 0 0 0 -1 0 1 1 0 0 0 0/0 10:54 0:43 0:00
Frans Nielsen 0 0 0 -1 2 1 2 1 0 0 6/11 17:17 5:07 0:52
Greg Stewart 0 0 0 -1 2 1 0 0 0 0 0/0 17:36 5:07 0:42
Henrik Sedin 0 1 1 1 0 2 4 0 2 0 12/20 19:30 5:59 0:54
Mark Stuart 0 0 0 -2 0 0 3 0 0 1 0/0 21:43 0:00 2:56
Pierre-Marc Bouchard 0 0 0 0 0 2 1 0 0 0 2/4 8:35 0:00 0:09
Raphael Diaz 0 0 0 -2 0 1 3 0 0 0 0/0 24:14 6:15 0:01
Scott Glennie 0 0 0 0 0 0 0 0 0 0 0/0 8:26 0:00 0:00
Shaone Morrisonn 0 0 0 0 0 0 1 1 0 0 0/0 12:52 0:00 1:45
Steve Downie 0 0 0 -1 0 2 1 0 0 0 0/1 19:04 5:05 2:41
Viktor Stalberg 0 0 0 0 0 0 1 0 0 0 0/0 8:26 0:00 0:00
Vitaly Vishnevsky 0 0 0 0 2 3 1 2 0 1 0/0 17:13 5:55 0:01
3 Stars
1 - Vladimir Tarasenko (Que)
2 - Jonathan Quick (Que)
3 - Mike Brown (Que)
Power Play
Nordiques - 1 on 3 Attempt(s) - 33.33%
Canadiens - 0 on 7 Attempt(s) - 0.00%
Penalty Kill
Nordiques - 7 on 7 Attempt(s) - 100.00%
- Score 0 goal in Penalty Kill
Canadiens - 2 on 3 Attempt(s) - 66.67%
- Score 0 goal in Penalty Kill
Team Stat
Nordiques - Hits : 27 - Faceoff Wins : 22 - Blocked Shots : 3 - Penalty Minutes : 14
Canadiens - Hits : 29 - Faceoff Wins : 25 - Blocked Shots : 7 - Penalty Minutes : 6
Official
Referees : Unknown
Linesman : Unknown
Game Notes
No Game Note
Finance
Level 1 -- Attendance: 6000 (100.00%) -- Ticket Income $552,000
Level 2 -- Attendance: 5000 (100.00%) -- Ticket Income $285,000
Level 3 -- Attendance: 1995 (99.75%) -- Ticket Income $71,820
Level 4 -- Attendance: 3238 (80.95%) -- Ticket Income $97,140
Luxury Box -- Attendance: 927 (92.70%) -- Ticket Income $143,685
Game was played at the Centre Bell.
Total Attendance: 17160 (95.33%)
Total Ticket Income: $1,149,645
Other Income: $172,447
Total Income: $1,322,092
Nordiques
5 vs 5 Forward
Center Left Wing Right Wing Time % Phy DF OF
1 David Legwand Evander Kane Vladimir Tarasenko 40 1 2 2
2 Tim Connolly R.J. Umberger Jiri Hudler 30 1 2 2
3 Maxim Talbot Zac Rinaldo Mike Brown 20 1 2 2
4 Mike Fisher Vladimir Tarasenko Adam Pineault 10 1 2 2
5 vs 5 Defense
Defense Defense Time % Phy DF OF
1 Ryan Ellis Jay Bouwmeester 40 1 2 2
2 Fedor Tyutin Trevor Daley 30 1 2 2
3 T.J. Fast Dustin Byfuglien 20 1 2 2
4 Ryan Ellis Jay Bouwmeester 10 1 2 2
PowerPlay Forward
Center Left Wing Right Wing Time % Phy DF OF
1 David Legwand Evander Kane Vladimir Tarasenko 60 1 2 2
2 Tim Connolly R.J. Umberger Jiri Hudler 40 1 2 2
PowerPlay Defense
Defense Defense Time % Phy DF OF
1 Ryan Ellis Jay Bouwmeester 60 1 2 2
2 Fedor Tyutin Trevor Daley 40 1 2 2
Penalty Kill 4 Players Forward
Center Wing Time % Phy DF OF
1 Vladimir Tarasenko Evander Kane 60 1 2 2
2 David Legwand Tim Connolly 40 1 2 2
Penalty Kill 4 Players Defense
Defense Defense Time % Phy DF OF
1 Ryan Ellis Jay Bouwmeester 60 1 2 2
2 Fedor Tyutin Trevor Daley 40 1 2 2
Penalty Kill - 3 Players Forward
Forward Time % Phy DF OF
1 Vladimir Tarasenko 60 1 2 2
2 Evander Kane 40 1 2 2
Penalty Kill - 3 Players Defense
Defense Defense Time % Phy DF OF
1 Ryan Ellis Jay Bouwmeester 60 1 2 2
2 Fedor Tyutin Trevor Daley 40 1 2 2
4 vs 4 Forward
Center Wing Time % Phy DF OF
1 Vladimir Tarasenko Evander Kane 60 1 2 2
2 David Legwand Tim Connolly 40 1 2 2
4 vs 4 Defense
Defense Defense Time % Phy DF OF
1 Ryan Ellis Jay Bouwmeester 60 1 2 2
2 Fedor Tyutin Trevor Daley 40 1 2 2
Last Minutes Offensive
Center Left Wing Right Wing Defense Defense
David Legwand Evander Kane Vladimir Tarasenko Ryan Ellis Jay Bouwmeester
Last Minutes Defensive
Center Left Wing Right Wing Defense Defense
David Legwand Evander Kane Vladimir Tarasenko Ryan Ellis Jay Bouwmeester
Goaltenders
Starting : Jonathan Quick
Backup : Julien Ellis
Extra Forwards
Normal : Paul Gaustad, Maxim Talbot, Mike Brown - PP : Paul Gaustad, Maxim Talbot - PK : Mike Brown
Extra Defensemen
Normal : T.J. Fast, Dustin Byfuglien, Fedor Tyutin - PP : T.J. Fast - PK : Dustin Byfuglien, Fedor Tyutin
Penalty Shots
Vladimir Tarasenko, Evander Kane, David Legwand, Tim Connolly, R.J. Umberger
Scratches
Cody McLeod (Healthy), Matt Gilroy (Healthy), James Sheppard (Healthy)
Canadiens
5 vs 5 Forward
Center Left Wing Right Wing Time % Phy DF OF
1 Henrik Sedin Benoit Pouliot Corey Perry 40 0 0 5
2 Frans Nielsen Greg Stewart Steve Downie 30 0 1 4
3 Dustin Boyd Brett Maclean Enver Lisin 20 0 1 4
4 Pierre-Marc Bouchard Viktor Stalberg Scott Glennie 10 1 2 2
5 vs 5 Defense
Defense Defense Time % Phy DF OF
1 Mark Stuart Raphael Diaz 40 0 3 2
2 Colton Parayko Bryce Lampman 30 0 3 2
3 Shaone Morrisonn Vitaly Vishnevsky 20 0 3 2
4 Mark Stuart Raphael Diaz 10 0 2 3
PowerPlay Forward
Center Left Wing Right Wing Time % Phy DF OF
1 Henrik Sedin Benoit Pouliot Corey Perry 60 1 2 2
2 Frans Nielsen Greg Stewart Steve Downie 40 1 2 2
PowerPlay Defense
Defense Defense Time % Phy DF OF
1 Raphael Diaz Colton Parayko 60 1 2 2
2 Vitaly Vishnevsky Bryce Lampman 40 1 2 2
Penalty Kill 4 Players Forward
Center Wing Time % Phy DF OF
1 Dustin Boyd Steve Downie 60 1 2 2
2 Frans Nielsen Greg Stewart 40 1 2 2
Penalty Kill 4 Players Defense
Defense Defense Time % Phy DF OF
1 Bryce Lampman Mark Stuart 60 1 2 2
2 Shaone Morrisonn Colton Parayko 40 1 2 2
Penalty Kill - 3 Players Forward
Forward Time % Phy DF OF
1 Henrik Sedin 60 1 2 2
2 Dustin Boyd 40 1 2 2
Penalty Kill - 3 Players Defense
Defense Defense Time % Phy DF OF
1 Bryce Lampman Raphael Diaz 60 1 2 2
2 Mark Stuart Vitaly Vishnevsky 40 1 2 2
4 vs 4 Forward
Center Wing Time % Phy DF OF
1 Pierre-Marc Bouchard Corey Perry 60 1 2 2
2 Henrik Sedin Frans Nielsen 40 1 2 2
4 vs 4 Defense
Defense Defense Time % Phy DF OF
1 Bryce Lampman Raphael Diaz 60 1 2 2
2 Mark Stuart Vitaly Vishnevsky 40 1 2 2
Last Minutes Offensive
Center Left Wing Right Wing Defense Defense
Henrik Sedin Benoit Pouliot Corey Perry Bryce Lampman Raphael Diaz
Last Minutes Defensive
Center Left Wing Right Wing Defense Defense
Frans Nielsen Greg Stewart Steve Downie Mark Stuart Shaone Morrisonn
Goaltenders
Starting : Henrik Lundqvist
Backup : Allen York
Extra Forwards
Normal : Corey Perry, Henrik Sedin, Frans Nielsen - PP : Corey Perry, Frans Nielsen - PK : Steve Downie
Extra Defensemen
Normal : Mark Stuart, Raphael Diaz, Bryce Lampman - PP : Bryce Lampman - PK : Raphael Diaz, Shaone Morrisonn
Penalty Shots
Henrik Sedin, Benoit Pouliot, Corey Perry, Steve Downie, Greg Stewart
Scratches
Nikolai Zherdev (Fractured Bone in Left Hand Injury)
% Time on Ice - Nordiques
Lines # - Real PCT - Wanted PCT - Time Play
Normal Forward
1 - 29% - 40% - 12:21
2 - 30% - 30% - 13:06
3 - 28% - 20% - 12:07
4 - 13% - 10% - 5:34
Normal Defense
1 - 40% - 40% - 17:19
2 - 32% - 30% - 13:37
3 - 25% - 20% - 10:38
4 - 4% - 10% - 1:34
PP Forward
1 - 60% - 60% - 2:50
2 - 40% - 40% - 1:52
PP Defense
1 - 61% - 60% - 2:51
2 - 39% - 40% - 1:51
PK Forward
1 - 71% - 60% - 8:30
2 - 29% - 40% - 3:24
PK Defense
1 - 58% - 60% - 6:55
2 - 42% - 40% - 4:59
PK3 Forward
1 - 100% - 60% - 0:16
2 - 0% - 40% - 0:00
PK3 Defense
1 - 100% - 60% - 0:16
2 - 0% - 40% - 0:00
44 Forward
1 - 0% - 60%
2 - 0% - 40%
44 Defense
1 - 0% - 60%
2 - 0% - 40%
Last Minute Offensive - 0:00
Last Minute Defensive - 0:00
Total
Forward - 60:00
Defense - 60:00
|
% Time on Ice - Canadiens
Lines # - Real PCT - Wanted PCT - Time Play
Normal Forward
1 - 31% - 40% - 13:13
2 - 26% - 30% - 11:18
3 - 24% - 20% - 10:11
4 - 20% - 10% - 8:26
Normal Defense
1 - 42% - 40% - 18:13
2 - 30% - 30% - 12:59
3 - 25% - 20% - 10:45
4 - 3% - 10% - 1:11
PP Forward
1 - 57% - 60% - 6:55
2 - 43% - 40% - 5:15
PP Defense
1 - 51% - 60% - 6:15
2 - 49% - 40% - 5:55
PK Forward
1 - 78% - 60% - 3:40
2 - 22% - 40% - 1:02
PK Defense
1 - 63% - 60% - 2:57
2 - 37% - 40% - 1:45
PK3 Forward
1 - 0% - 60%
2 - 0% - 40%
PK3 Defense
1 - 0% - 60%
2 - 0% - 40%
44 Forward
1 - 0% - 60%
2 - 0% - 40%
44 Defense
1 - 0% - 60%
2 - 0% - 40%
Last Minute Offensive - 0:00
Last Minute Defensive - 0:00
Total
Forward - 60:00
Defense - 60:00
|
Play-by-Play
1st period
0:01 of 1st period - David Legwand wins face-off versus Henrik Sedin in neutral zone.
0:12 of 1st period - Slapshot by Vladimir Tarasenko.
0:12 of 1st period - Stopped by Henrik Lundqvist with a rebound.
0:33 of 1st period - Tim Connolly is hit by Steve Downie and loses puck.
1:03 of 1st period - Icing by Zac Rinaldo.
1:04 of 1st period - Pierre-Marc Bouchard wins face-off versus Vladimir Tarasenko in Nordiques zone.
2:11 of 1st period - T.J. Fast is hit by Enver Lisin and loses puck.
2:19 of 1st period - Wrist shot by Brett Maclean.
2:19 of 1st period - Shot Misses the Net.
2:21 of 1st period - Wrist shot by Enver Lisin.
2:21 of 1st period - Shot Misses the Net.
2:23 of 1st period - Wrist shot by Vitaly Vishnevsky.
2:23 of 1st period - Deflect By T.J. Fast.
2:23 of 1st period - Stopped by Jonathan Quick with a rebound.
2:25 of 1st period - Wrist shot by Dustin Boyd.
2:25 of 1st period - Shot Misses the Net.
2:41 of 1st period - Wrist shot by Henrik Sedin.
2:41 of 1st period - Shot Misses the Net.
3:22 of 1st period - Frans Nielsen is hit by Maxim Talbot and loses puck.
3:34 of 1st period - Icing by Brett Maclean.
3:35 of 1st period - Dustin Boyd wins face-off versus Tim Connolly in Canadiens zone.
3:40 of 1st period - Snap shot by Enver Lisin.
3:40 of 1st period - Stopped by Jonathan Quick with a rebound.
4:00 of 1st period - Brett Maclean is hit by Mike Brown and loses puck.
4:23 of 1st period - Snap shot by Vladimir Tarasenko.
4:23 of 1st period - Shot Misses the Net.
4:25 of 1st period - Slapshot by Fedor Tyutin.
4:25 of 1st period - Stopped by Henrik Lundqvist with a rebound.
6:35 of 1st period - Maxim Talbot is hit by Frans Nielsen and loses puck.
6:54 of 1st period - Snap shot by Steve Downie.
6:54 of 1st period - Shot Blocked by Ryan Ellis.
6:56 of 1st period - Slapshot by Shaone Morrisonn.
6:56 of 1st period - Shot Misses the Net.
6:58 of 1st period - Snap shot by Steve Downie.
6:58 of 1st period - Stopped by Jonathan Quick with a rebound.
7:12 of 1st period - Shaone Morrisonn is hit by Zac Rinaldo and loses puck.
7:23 of 1st period - Backhand shot by Frans Nielsen.
7:23 of 1st period - Shot Misses the Net.
7:25 of 1st period - Slapshot by Vitaly Vishnevsky.
7:25 of 1st period - Stopped by Jonathan Quick with a rebound.
7:31 of 1st period - Wrist shot by Frans Nielsen.
7:31 of 1st period - Stopped by Jonathan Quick without a rebound.
7:32 of 1st period - David Legwand wins face-off versus Henrik Sedin in Nordiques zone.
7:34 of 1st period - Minor Penalty to Evander Kane for Boarding.
7:35 of 1st period - Henrik Sedin wins face-off versus Vladimir Tarasenko in Nordiques zone.
8:44 of 1st period - David Legwand is hit by Colton Parayko and loses puck.
9:25 of 1st period - Dustin Boyd is hit by Fedor Tyutin and loses puck.
9:34 of 1st period - Penalty to Evander Kane is over, Evander Kane is back on ice.
9:47 of 1st period - Viktor Stalberg is hit by Jiri Hudler and loses puck.
10:25 of 1st period - Slapshot by Tim Connolly.
10:25 of 1st period - Shot Misses the Net.
11:21 of 1st period - Jay Bouwmeester is hit by Dustin Boyd and loses puck.
12:11 of 1st period - Raphael Diaz is hit by Evander Kane and loses puck.
12:32 of 1st period - Icing by Jiri Hudler.
12:33 of 1st period - Frans Nielsen wins face-off versus Tim Connolly in Nordiques zone.
12:48 of 1st period - Slapshot by Steve Downie.
12:48 of 1st period - Stopped by Jonathan Quick with a rebound.
12:57 of 1st period - Icing by Tim Connolly.
12:58 of 1st period - Henrik Sedin wins face-off versus Tim Connolly in Nordiques zone.
13:12 of 1st period - Wrist shot by Corey Perry.
13:12 of 1st period - Stopped by Jonathan Quick with a rebound.
13:14 of 1st period - Wrist shot by Bryce Lampman.
13:14 of 1st period - Deflect By Corey Perry.
13:14 of 1st period - Stopped by Jonathan Quick without a rebound.
13:15 of 1st period - David Legwand wins face-off versus Henrik Sedin in Nordiques zone.
13:30 of 1st period - Snap shot by Vladimir Tarasenko.
13:30 of 1st period - Stopped by Henrik Lundqvist with a rebound.
13:32 of 1st period - Wrist shot by Vladimir Tarasenko.
13:32 of 1st period - Shot Misses the Net.
13:50 of 1st period - Snap shot by Mike Brown.
13:50 of 1st period - Stopped by Henrik Lundqvist with a rebound.
14:03 of 1st period - Off-side.
14:04 of 1st period - Tim Connolly wins face-off versus Dustin Boyd in neutral zone.
14:04 of 1st period - Ryan Ellis is hit by Dustin Boyd and loses puck.
14:09 of 1st period - Tim Connolly is hit by Brett Maclean.
14:18 of 1st period - Snap shot by Brett Maclean.
14:18 of 1st period - Shot Misses the Net.
14:20 of 1st period - Slapshot by Enver Lisin.
14:20 of 1st period - Deflect By Brett Maclean.
14:20 of 1st period - Stopped by Jonathan Quick with a rebound.
14:44 of 1st period - Snap shot by Tim Connolly.
14:44 of 1st period - Stopped by Henrik Lundqvist with a rebound.
15:10 of 1st period - Snap shot by Evander Kane.
15:10 of 1st period - Shot Misses the Net.
15:32 of 1st period - Slapshot by Bryce Lampman.
15:32 of 1st period - Deflect By Corey Perry.
15:32 of 1st period - Stopped by Jonathan Quick without a rebound.
15:33 of 1st period - Mike Brown wins face-off versus Henrik Sedin in Nordiques zone.
15:48 of 1st period - Slapshot by Trevor Daley.
15:48 of 1st period - Shot Blocked by Vitaly Vishnevsky.
16:23 of 1st period - Brett Maclean is hit by Adam Pineault and loses puck.
16:40 of 1st period - Backhand shot by Maxim Talbot.
16:40 of 1st period - Stopped by Henrik Lundqvist with a rebound.
18:07 of 1st period - Benoit Pouliot is hit by Jiri Hudler and loses puck.
18:24 of 1st period - Snap shot by Maxim Talbot.
18:24 of 1st period - Shot Misses the Net.
19:04 of 1st period - Wrist shot by Corey Perry.
19:04 of 1st period - Stopped by Jonathan Quick with a rebound.
19:06 of 1st period - Snap shot by Benoit Pouliot.
19:06 of 1st period - Shot Blocked by Fedor Tyutin.
19:08 of 1st period - Snap shot by Corey Perry.
19:08 of 1st period - Deflect By Fedor Tyutin.
19:08 of 1st period - Shot Misses the Net.
19:08 of 1st period - Puck is out of play.
19:09 of 1st period - Frans Nielsen wins face-off versus Vladimir Tarasenko in Nordiques zone.
19:23 of 1st period - Snap shot by Vladimir Tarasenko.
19:23 of 1st period - Stopped by Henrik Lundqvist with a rebound.
19:37 of 1st period - R.J. Umberger is hit by Vitaly Vishnevsky and loses puck.
Goals for this period are 0 for Nordiques vs 0 for Canadiens.
Shots for this period are 7 for Nordiques vs 11 for Canadiens.
2nd period
0:01 of 2nd period - Henrik Sedin wins face-off versus David Legwand in neutral zone.
0:16 of 2nd period - Snap shot by Corey Perry.
0:16 of 2nd period - Deflect By Benoit Pouliot.
0:16 of 2nd period - Stopped by Jonathan Quick without a rebound.
0:17 of 2nd period - David Legwand wins face-off versus Frans Nielsen in Nordiques zone.
0:17 of 2nd period - David Legwand is hit by Mark Stuart.
0:30 of 2nd period - Snap shot by Vladimir Tarasenko.
0:30 of 2nd period - Goal by Vladimir Tarasenko - Nordiques : 1 - Canadiens : 0.
0:31 of 2nd period - Henrik Sedin wins face-off versus David Legwand in neutral zone.
0:58 of 2nd period - Henrik Sedin is hit by Zac Rinaldo and loses puck.
1:29 of 2nd period - Snap shot by Tim Connolly.
1:29 of 2nd period - Deflect By R.J. Umberger.
1:29 of 2nd period - Shot Misses the Net.
1:29 of 2nd period - Puck is out of play.
1:30 of 2nd period - Tim Connolly wins face-off versus Frans Nielsen in Canadiens zone.
1:35 of 2nd period - Wrist shot by Jiri Hudler.
1:35 of 2nd period - Shot Misses the Net.
1:37 of 2nd period - Slapshot by Fedor Tyutin.
1:37 of 2nd period - Shot Blocked by Frans Nielsen.
1:39 of 2nd period - Wrist shot by Jiri Hudler.
1:39 of 2nd period - Shot Misses the Net.
1:41 of 2nd period - Backhand shot by Trevor Daley.
1:41 of 2nd period - Shot Misses the Net.
1:43 of 2nd period - Snap shot by Tim Connolly.
1:43 of 2nd period - Shot Misses the Net.
1:45 of 2nd period - Slapshot by Fedor Tyutin.
1:45 of 2nd period - Stopped by Henrik Lundqvist with a rebound.
1:47 of 2nd period - Slapshot by Trevor Daley.
1:47 of 2nd period - Deflect By Tim Connolly.
1:47 of 2nd period - Shot Blocked by Bryce Lampman.
1:47 of 2nd period - Puck is out of play.
1:48 of 2nd period - Dustin Boyd wins face-off versus David Legwand in Canadiens zone.
2:05 of 2nd period - Bryce Lampman is hit by Jay Bouwmeester and loses puck.
2:11 of 2nd period - Minor Penalty to Greg Stewart for Hooking.
2:12 of 2nd period - David Legwand wins face-off versus Dustin Boyd in Canadiens zone.
2:45 of 2nd period - Mark Stuart is hit by R.J. Umberger and loses puck.
4:08 of 2nd period - Jay Bouwmeester is hit by Mark Stuart and loses puck.
4:11 of 2nd period - Penalty to Greg Stewart is over, Greg Stewart is back on ice.
4:36 of 2nd period - Slapshot by Evander Kane.
4:36 of 2nd period - Shot Misses the Net.
4:38 of 2nd period - Wrist shot by Vladimir Tarasenko.
4:38 of 2nd period - Shot Blocked by Vitaly Vishnevsky.
4:40 of 2nd period - Snap shot by David Legwand.
4:40 of 2nd period - Stopped by Henrik Lundqvist without a rebound.
4:41 of 2nd period - Pierre-Marc Bouchard wins face-off versus Maxim Talbot in Canadiens zone.
4:41 of 2nd period - Pierre-Marc Bouchard is hit by Mike Brown.
4:57 of 2nd period - Snap shot by Zac Rinaldo.
4:57 of 2nd period - Stopped by Henrik Lundqvist with a rebound.
5:07 of 2nd period - Colton Parayko is hit by R.J. Umberger and loses puck.
5:30 of 2nd period - Wrist shot by Corey Perry.
5:30 of 2nd period - Stopped by Jonathan Quick with a rebound.
5:43 of 2nd period - Off-side.
5:44 of 2nd period - Maxim Talbot wins face-off versus Frans Nielsen in neutral zone.
6:07 of 2nd period - Icing by Raphael Diaz.
6:08 of 2nd period - Tim Connolly wins face-off versus Frans Nielsen in Canadiens zone.
6:28 of 2nd period - Snap shot by Greg Stewart.
6:28 of 2nd period - Stopped by Jonathan Quick without a rebound.
6:29 of 2nd period - Henrik Sedin wins face-off versus R.J. Umberger in Nordiques zone.
6:36 of 2nd period - Snap shot by Corey Perry.
6:36 of 2nd period - Stopped by Jonathan Quick without a rebound.
6:37 of 2nd period - Tim Connolly wins face-off versus Henrik Sedin in Nordiques zone.
7:09 of 2nd period - R.J. Umberger is hit by Henrik Sedin and loses puck.
7:20 of 2nd period - Snap shot by Henrik Sedin.
7:20 of 2nd period - Stopped by Jonathan Quick with a rebound.
7:22 of 2nd period - Slapshot by Bryce Lampman.
7:22 of 2nd period - Deflect By Ryan Ellis.
7:22 of 2nd period - Stopped by Jonathan Quick with a rebound.
7:24 of 2nd period - Snap shot by Corey Perry.
7:24 of 2nd period - Goal by Corey Perry - Nordiques : 1 - Canadiens : 1.
7:25 of 2nd period - Frans Nielsen wins face-off versus David Legwand in neutral zone.
7:45 of 2nd period - David Legwand is hit by Raphael Diaz and loses puck.
8:02 of 2nd period - Wrist shot by Zac Rinaldo.
8:02 of 2nd period - Stopped by Henrik Lundqvist with a rebound.
8:04 of 2nd period - Slapshot by Fedor Tyutin.
8:04 of 2nd period - Stopped by Henrik Lundqvist with a rebound.
8:06 of 2nd period - Backhand shot by Mike Brown.
8:06 of 2nd period - Goal by Mike Brown - Nordiques : 2 - Canadiens : 1.
8:07 of 2nd period - Henrik Sedin wins face-off versus David Legwand in neutral zone.
8:10 of 2nd period - Ryan Ellis is hit by Henrik Sedin and loses puck.
8:29 of 2nd period - Minor Penalty to Jay Bouwmeester for Hooking.
8:30 of 2nd period - Corey Perry wins face-off versus Evander Kane in Nordiques zone.
8:41 of 2nd period - Slapshot by Benoit Pouliot.
8:41 of 2nd period - Shot Misses the Net.
10:29 of 2nd period - Penalty to Jay Bouwmeester is over, Jay Bouwmeester is back on ice.
12:14 of 2nd period - David Legwand is hit by Henrik Sedin.
13:37 of 2nd period - Snap shot by Jiri Hudler.
13:37 of 2nd period - Stopped by Henrik Lundqvist without a rebound.
13:38 of 2nd period - Frans Nielsen wins face-off versus Jiri Hudler in Canadiens zone.
13:47 of 2nd period - Snap shot by Steve Downie.
13:47 of 2nd period - Shot Misses the Net.
14:32 of 2nd period - Mike Brown is hit by Dustin Boyd and loses puck.
14:38 of 2nd period - Icing by Trevor Daley.
14:39 of 2nd period - Maxim Talbot wins face-off versus Henrik Sedin in Nordiques zone.
14:47 of 2nd period - Slapshot by Trevor Daley.
14:47 of 2nd period - Shot Misses the Net.
14:53 of 2nd period - Snap shot by Zac Rinaldo.
14:53 of 2nd period - Shot Hit the Post.
15:04 of 2nd period - Wrist shot by Maxim Talbot.
15:04 of 2nd period - Stopped by Henrik Lundqvist with a rebound.
15:06 of 2nd period - Slapshot by Trevor Daley.
15:06 of 2nd period - Shot Misses the Net.
15:08 of 2nd period - Backhand shot by Trevor Daley.
15:08 of 2nd period - Stopped by Henrik Lundqvist with a rebound.
15:10 of 2nd period - Slapshot by Fedor Tyutin.
15:10 of 2nd period - Stopped by Henrik Lundqvist without a rebound.
15:11 of 2nd period - David Legwand wins face-off versus Frans Nielsen in Canadiens zone.
15:22 of 2nd period - Snap shot by David Legwand.
15:22 of 2nd period - Stopped by Henrik Lundqvist with a rebound.
15:24 of 2nd period - Slapshot by Jay Bouwmeester.
15:24 of 2nd period - Stopped by Henrik Lundqvist with a rebound.
15:26 of 2nd period - Slapshot by Evander Kane.
15:26 of 2nd period - Shot Blocked by Colton Parayko.
15:28 of 2nd period - Snap shot by Jay Bouwmeester.
15:28 of 2nd period - Stopped by Henrik Lundqvist without a rebound.
15:29 of 2nd period - Henrik Sedin wins face-off versus Tim Connolly in Canadiens zone.
15:37 of 2nd period - Minor Penalty to R.J. Umberger for Holding.
15:38 of 2nd period - Vladimir Tarasenko wins face-off versus Henrik Sedin in Nordiques zone.
16:10 of 2nd period - Wrist shot by Greg Stewart.
16:10 of 2nd period - Shot Misses the Net.
16:38 of 2nd period - Benoit Pouliot is hit by Tim Connolly and loses puck.
17:14 of 2nd period - Corey Perry is hit by David Legwand and loses puck.
17:20 of 2nd period - Minor Penalty to Tim Connolly for Interference.
17:21 of 2nd period - Frans Nielsen wins face-off versus Vladimir Tarasenko in Nordiques zone.
17:37 of 2nd period - Penalty to R.J. Umberger is over, R.J. Umberger is back on ice.
19:15 of 2nd period - Evander Kane is hit by Dustin Boyd.
19:20 of 2nd period - Penalty to Tim Connolly is over, Tim Connolly is back on ice.
19:36 of 2nd period - Snap shot by Pierre-Marc Bouchard.
19:36 of 2nd period - Stopped by Jonathan Quick with a rebound.
19:46 of 2nd period - Dustin Boyd is hit by Mike Brown and loses puck.
Goals for this period are 2 for Nordiques vs 1 for Canadiens.
Shots for this period are 14 for Nordiques vs 8 for Canadiens.
3rd period
0:01 of 3rd period - Henrik Sedin wins face-off versus Evander Kane in neutral zone.
0:33 of 3rd period - Snap shot by R.J. Umberger.
0:33 of 3rd period - Stopped by Henrik Lundqvist with a rebound.
0:55 of 3rd period - Wrist shot by Greg Stewart.
0:55 of 3rd period - Shot Blocked by Mike Brown.
1:15 of 3rd period - Minor Penalty to Mike Brown for Roughing.
1:16 of 3rd period - Henrik Sedin wins face-off versus Vladimir Tarasenko in Nordiques zone.
1:43 of 3rd period - Greg Stewart is hit by David Legwand and loses puck.
2:04 of 3rd period - Jay Bouwmeester is hit by Raphael Diaz and loses puck.
2:29 of 3rd period - Slapshot by David Legwand.
2:29 of 3rd period - Shot Blocked by Corey Perry.
3:15 of 3rd period - Penalty to Mike Brown is over, Mike Brown is back on ice.
3:38 of 3rd period - Off-side.
3:39 of 3rd period - Maxim Talbot wins face-off versus Pierre-Marc Bouchard in neutral zone.
3:58 of 3rd period - Minor Penalty to Zac Rinaldo for Hooking.
3:59 of 3rd period - Henrik Sedin wins face-off versus Vladimir Tarasenko in Nordiques zone.
4:05 of 3rd period - Snap shot by Corey Perry.
4:05 of 3rd period - Stopped by Jonathan Quick without a rebound.
4:06 of 3rd period - Henrik Sedin wins face-off versus Vladimir Tarasenko in Nordiques zone.
4:09 of 3rd period - Wrist shot by Henrik Sedin.
4:09 of 3rd period - Stopped by Jonathan Quick without a rebound.
4:10 of 3rd period - Vladimir Tarasenko wins face-off versus Henrik Sedin in Nordiques zone.
4:10 of 3rd period - Vladimir Tarasenko is hit by Benoit Pouliot.
4:22 of 3rd period - Wrist shot by Evander Kane.
4:22 of 3rd period - Stopped by Henrik Lundqvist with a rebound.
5:30 of 3rd period - Tim Connolly is hit by Benoit Pouliot.
5:58 of 3rd period - Penalty to Zac Rinaldo is over, Zac Rinaldo is back on ice.
6:12 of 3rd period - R.J. Umberger is hit by Raphael Diaz and loses puck.
6:33 of 3rd period - Wrist shot by Pierre-Marc Bouchard.
6:33 of 3rd period - Shot Misses the Net.
7:12 of 3rd period - Bryce Lampman is hit by Mike Fisher and loses puck.
7:30 of 3rd period - Minor Penalty to Frans Nielsen for Holding.
7:31 of 3rd period - David Legwand wins face-off versus Dustin Boyd in Canadiens zone.
9:30 of 3rd period - Penalty to Frans Nielsen is over, Frans Nielsen is back on ice.
9:36 of 3rd period - Snap shot by Vitaly Vishnevsky.
9:36 of 3rd period - Stopped by Jonathan Quick with a rebound.
10:08 of 3rd period - Frans Nielsen is hit by Maxim Talbot and loses puck.
10:15 of 3rd period - Frans Nielsen is hit by T.J. Fast and loses puck.
12:01 of 3rd period - Shaone Morrisonn is hit by Mike Fisher and loses puck.
12:08 of 3rd period - Brett Maclean is hit by Vladimir Tarasenko and loses puck.
12:23 of 3rd period - R.J. Umberger is hit by Frans Nielsen and loses puck.
12:32 of 3rd period - Frans Nielsen is hit by Jay Bouwmeester and loses puck.
12:45 of 3rd period - Henrik Sedin is hit by Evander Kane.
13:08 of 3rd period - Mike Brown is hit by Pierre-Marc Bouchard and loses puck.
13:15 of 3rd period - Mark Stuart is hit by Mike Brown and loses puck.
13:26 of 3rd period - Tim Connolly is hit by Dustin Boyd and loses puck.
13:35 of 3rd period - Slapshot by Raphael Diaz.
13:35 of 3rd period - Stopped by Jonathan Quick with a rebound.
13:37 of 3rd period - Slapshot by Mark Stuart.
13:37 of 3rd period - Shot Misses the Net.
13:39 of 3rd period - Backhand shot by Raphael Diaz.
13:39 of 3rd period - Shot Misses the Net.
13:51 of 3rd period - Wrist shot by Greg Stewart.
13:51 of 3rd period - Shot Misses the Net.
13:57 of 3rd period - Slapshot by Vladimir Tarasenko.
13:57 of 3rd period - Shot Blocked by Shaone Morrisonn.
14:13 of 3rd period - David Legwand is hit by Henrik Sedin and loses puck.
14:36 of 3rd period - Jiri Hudler is hit by Viktor Stalberg and loses puck.
14:43 of 3rd period - Bryce Lampman is hit by Jay Bouwmeester and loses puck.
15:06 of 3rd period - Wrist shot by Mike Fisher.
15:06 of 3rd period - Shot Misses the Net.
15:08 of 3rd period - Snap shot by Adam Pineault.
15:08 of 3rd period - Stopped by Henrik Lundqvist without a rebound.
15:09 of 3rd period - Henrik Sedin wins face-off versus Tim Connolly in Canadiens zone.
15:09 of 3rd period - Henrik Sedin is hit by Jiri Hudler.
15:50 of 3rd period - Vladimir Tarasenko is hit by Mark Stuart and loses puck.
16:38 of 3rd period - Icing by Ryan Ellis.
16:39 of 3rd period - David Legwand wins face-off versus Pierre-Marc Bouchard in Nordiques zone.
17:10 of 3rd period - Backhand shot by Zac Rinaldo.
17:10 of 3rd period - Shot Misses the Net.
17:18 of 3rd period - Slapshot by Colton Parayko.
17:18 of 3rd period - Deflect By Pierre-Marc Bouchard.
17:18 of 3rd period - Stopped by Jonathan Quick without a rebound.
17:19 of 3rd period - David Legwand wins face-off versus Dustin Boyd in Nordiques zone.
17:19 of 3rd period - Ryan Ellis is hit by Shaone Morrisonn and loses puck.
17:28 of 3rd period - Evander Kane is hit by Dustin Boyd and loses puck.
17:41 of 3rd period - Minor Penalty to Vitaly Vishnevsky for Hooking.
17:42 of 3rd period - David Legwand wins face-off versus Dustin Boyd in Canadiens zone.
17:47 of 3rd period - Snap shot by Vladimir Tarasenko.
17:47 of 3rd period - Stopped by Henrik Lundqvist without a rebound.
17:48 of 3rd period - David Legwand wins face-off versus Steve Downie in Canadiens zone.
17:49 of 3rd period - Snap shot by Evander Kane.
17:49 of 3rd period - Deflect By Vladimir Tarasenko.
17:49 of 3rd period - Shot Misses the Net.
17:49 of 3rd period - Puck is out of play.
17:50 of 3rd period - Dustin Boyd wins face-off versus David Legwand in Canadiens zone.
18:01 of 3rd period - Snap shot by Ryan Ellis.
18:01 of 3rd period - Shot Misses the Net.
18:25 of 3rd period - Wrist shot by Vladimir Tarasenko.
18:25 of 3rd period - Goal by Vladimir Tarasenko - Nordiques : 3 - Canadiens : 1.
18:26 of 3rd period - Dustin Boyd wins face-off versus Tim Connolly in neutral zone.
18:31 of 3rd period - Snap shot by Dustin Boyd.
18:31 of 3rd period - Stopped by Jonathan Quick without a rebound.
18:32 of 3rd period - Tim Connolly wins face-off versus Dustin Boyd in Nordiques zone.
18:32 of 3rd period - Tim Connolly is hit by Brett Maclean.
19:09 of 3rd period - Slapshot by Benoit Pouliot.
19:09 of 3rd period - Stopped by Jonathan Quick with a rebound.
19:27 of 3rd period - Minor Penalty to Trevor Daley for Holding.
19:28 of 3rd period - Frans Nielsen wins face-off versus Vladimir Tarasenko in Nordiques zone.
Goals for this period are 1 for Nordiques vs 0 for Canadiens.
Shots for this period are 5 for Nordiques vs 7 for Canadiens.
Back to the Top